AoeStats
← omAGIar

QS Arena

503296124Analyzed
1v1 RM · 2mo ago on Aug 31, 2026· 43m 43s· 2 players
Game mode
Random Map
Map size
Tiny (2 player)
Population
200
Speed
Normal
Resources
Standard
Victory
Conquest
Starting age
Dark Age
Ending age
Imperial Age
RankedLock teamsTeams togetherTeam positionsShared explorationLock speedFull tech treeHidden civsTurbo modeCheats
Victory
Defeat
🇵🇪 Magyars · Peru
558
+17
vs
🇦🇷 Mongols · Argentina
572
-32
omAGIar
7:46 Loom
9:37 Feudal Age
13:19 Castle Age
12:04 Double-Bit Axe
12:01 Horse Collar
14:34 Bow Saw
14:27 Heavy Plow
16:13 Gold Mining
22:26 Wheelbarrow
22:32 Gold Shaft Mining
21:47 Stone Mining
24:29 Hand Cart
25:13 Husbandry
25:27 Bloodlines
25:26 Scale Barding Armor
25:13 Fletching
29:17 Imperial Age
27:28 Treadmill Crane
28:12 Stone Mining
29:43 Chain Barding Armor
29:58 Cavalier
31:58 Padded Archer Armor
32:34 Plate Barding Armor
34:56 Paladin
36:51 Elite Magyar Huszar
42:20 Bodkin Arrow
emigallese22
8:54 Feudal Age
10:21 Wheelbarrow
14:36 Castle Age
20:23 Man-at-Arms
21:43 Crossbowman
22:47 Double-Bit Axe
24:50 Long Swordsman
26:26 Crossbowman
32:51 Thumb Ring
37:17 Padded Archer Armor
37:08 Fletching
37:33 Forging
37:24 Scale Mail Armor
37:29 Scale Barding Armor
Connection lost

Rejoining the realm…

Still unreachable

The connection could not be restored.

Session expired

The server has moved on; the page needs a fresh start.